Map: Romanticide LE

Players

GOStephano (Stephano) - Winner!

  • Race: Zerg Zerg
  • League: Grandmaster
  • Spawn Location: 11:00

uwuThermal (uThermal)

  • Race: Terran Terran
  • Spawn Location: 5:00

Event: DreamHack SC2 Masters 2020 Winter

VOD

Have the link to the VOD?

Description

Time

  • Played on: Oct. 28, 2020, 1:13 p.m.
  • Length: 27:00

All games in this series

Show
View Real Time Build Order
Export as new Build Order

GOStephano Zerg - Winner!

Build Orders: Hatch First 

Get SALT Encoding   

  12  0:00  Drone  
  13  0:12  Overlord  
  13  0:17  Drone  
  14  0:30  Drone x2  
  16  0:48  Hatchery  
  15  0:51  Drone  
  15  0:54  Drone  
  17  0:57  Drone  
  18  1:08  Extractor  
  17  1:12  Spawning Pool  
  17  1:16  Drone  
  17  1:19  Drone  
  18  1:28  Drone  
  19  1:38  Drone  
  20  1:49  Drone  
  21  2:00  Queen x2  
  26  2:01  Zergling x4  
  27  2:11  Drone  
  27  2:12  Overlord  
  28  2:23  Metabolic Boost  
  28  2:31  Drone x2  
  28  2:35  Drone  
  28  2:36  Overlord, Queen  
  33  2:52  Hatchery  
  33  2:54  Drone  
  33  2:57  Overlord  
  33  3:00  Drone x2  
  35  3:06  Drone  
  35  3:07  Drone  
  35  3:09  Drone  
  35  3:12  Drone x2  
  40  3:15  Queen  
  40  3:18  Drone  
  43  3:20  Drone  
  44  3:28  Overlord  
  44  3:36  Queen, Drone  
  47  3:44  Drone x4  
  47  3:45  Zergling x2  
  52  3:49  Drone x3  
  55  3:55  Drone x2  
  57  4:03  Overlord  
  57  4:09  Drone x2  
  59  4:16  Drone  
  61  4:17  Zergling x4, Evolution Chamber x2  
  61  4:18  Queen  
  61  4:22  Zergling x6  
  65  4:24  Queen  
  65  4:25  Queen  
  65  4:31  Overlord  
  69  4:32  Overlord  
  69  4:37  Overlord  
  69  4:42  Overlord  
  69  4:48  Overlord x2  
  69  4:50  Overlord  
  69  4:53  Drone  
  69  4:58  Drone x6  
  74  5:06  Zerg Melee Weapons Level 1, Zerg Ground Armor Level 1, Drone x2  
  75  5:14  Lair, Drone x6  
  75  5:19  Zergling x4  
  83  5:26  Extractor  
  83  5:27  Extractor  
  81  5:31  Overlord  
  81  5:32  Drone x3  
  84  5:36  Extractor x2  
  84  5:40  Baneling Nest  
  81  5:47  Zergling x18  
  89  6:06  Zergling x4  
  89  6:07  Zergling x8  
  94  6:24  Zergling x2  
  94  6:25  Zergling x16, Centrifical Hooks  
  103  6:26  Baneling x8  
  103  6:31  Hatchery  
  102  6:35  Zergling x4, Hatchery  
  102  6:37  Infestation Pit  
  102  6:45  Zergling x18  
  110  6:56  Hatchery  
  109  7:02  Zerg Ground Armor Level 2, Zerg Melee Weapons Level 2  
  109  7:03  Drone x3  
  109  7:07  Baneling  
  109  7:08  Baneling x3  
  112  7:13  Overlord x2  
  112  7:15  Zergling x18  
  121  7:28  Drone x2  
  122  7:30  Overlord x2  
  122  7:33  Baneling x3  
  122  7:39  Hive  
  122  7:40  Drone x8  
  129  7:57  Zergling x16  
  136  7:58  Baneling x10  
  136  7:59  Baneling x5  
  136  8:02  Hatchery  
  134  8:10  Zergling x18  
  134  8:11  Zergling x2  
  132  8:18  Zergling x12  
  134  8:33  Drone x7, Extractor  
  140  8:39  Hatchery  
  139  8:50  Drone x3  
  139  8:51  Drone  
  139  8:52  Zergling x2  
  139  8:53  Zergling x18  
  153  8:56  Overlord  
  153  8:57  Overlord  
  153  8:58  Overlord  
  153  9:01  Ultralisk Cavern  
  151  9:07  Zergling x4  
  151  9:08  Zergling x10  
  157  9:15  Zergling x6  
  155  9:32  Drone x3  
  155  9:33  Zerg Melee Weapons Level 3, Zerg Ground Armor Level 3, Drone  
  158  9:45  Spore Crawler  
  157  9:46  Spore Crawler x2, Drone x10  
  165  9:55  Chitinous Plating  
  165  9:58  Adrenal Glands  
  165  10:00  Zergling x2  
  165  10:01  Zergling x16  
  165  10:07  Baneling x9  
  180  10:14  Ultralisk  
  170  10:36  Ultralisk x3  
  165  10:45  Ultralisk  
  164  10:54  Overlord  
  164  10:55  Ultralisk  
  164  10:56  Zergling x36  
  183  11:00  Baneling x8  
  183  11:11  Pneumatized Carapace, Overseer  
  181  11:12  Overlord, Overseer  
  181  11:14  Anabolic Synthesis  
  181  11:16  Zergling x18  
  173  11:26  Zergling x8  
  173  11:27  Zergling x6  
  173  11:28  Unknown  
  170  11:37  Ultralisk x2  
  163  11:41  Zergling x4  
  163  11:42  Zergling x10  
  163  11:46  Baneling x2  
  169  11:55  Zergling x26  
  180  12:02  Overseer  
  168  12:14  Drone x3  
  168  12:15  Drone x8  
  178  12:27  Baneling x14, Spire  
  177  12:33  Drone x2  
  177  12:34  Drone x2  
  171  12:43  Baneling x6  
  167  12:44  Overseer  
  167  12:45  Overlord  
  167  12:55  Zergling x30  
  177  13:08  Zergling x10  
  177  13:09  Zergling x20  
  190  13:16  Hatchery  
  189  13:23  Queen  
  189  13:24  Queen, Baneling x12  
  191  13:27  Zergling x18  
  190  13:48  Zergling x22  
  198  13:56  Zerg Flyer Weapons Level 1  
  198  14:00  Spore Crawler  
  198  14:02  Spore Crawler  
  196  14:11  Baneling x13  
  195  14:19  Spore Crawler  
  195  14:22  Zergling x14  
  193  14:51  Zergling x36  
  193  14:52  Zergling x6  
  183  15:09  Corruptor x4  
  183  15:11  Hatchery  
  184  15:29  Overlord x2  
  184  15:30  Corruptor  
  184  15:31  Corruptor x2  
  184  15:32  Overseer  
  184  15:37  Hatchery  
  181  15:47  Overlord x2, Drone x9  
  181  15:48  Spore Crawler  
  189  15:50  Spine Crawler x2  
  189  15:51  Zerg Flyer Weapons Level 2  
  189  15:52  Corruptor x3  
  180  16:08  Corruptor  
  180  16:09  Corruptor x6  
  182  16:18  Corruptor x2  
  169  16:21  Zergling x18  
  179  16:34  Zergling x18, Hatchery  
  179  16:38  Overseer  
  187  16:47  Zergling x16  
  191  17:11  Hatchery  
  191  17:12  Hatchery  
  191  17:13  Zergling x24  
  199  17:22  Baneling x5  
  181  18:02  Overseer  
  162  18:06  Drone x14  
  162  18:07  Drone  
  173  18:20  Zergling x18  
  177  18:35  Viper  
  177  18:36  Viper x2  
  177  18:39  Baneling x20  
  177  18:40  Zergling x18  
  194  18:42  Baneling x5  
  194  18:43  Baneling x9  
  194  19:01  Zergling x2  
  194  19:02  Zergling x12  
  190  19:34  Hatchery  
  190  19:35  Hatchery  
  186  19:43  Zergling x28  
  199  19:57  Hatchery  
  199  19:58  Zergling x2  
  199  19:59  Zergling x4  
  194  20:17  Zergling x2  
  194  20:18  Zergling x22  
  194  20:25  Ultralisk x2  
  192  20:30  Zergling x14  
  192  20:34  Overlord  
  185  20:49  Zergling x2  
  180  20:50  Zergling x2  
  150  20:58  Zergling x20  
  150  21:02  Hatchery  
  155  21:08  Ultralisk  
  155  21:09  Ultralisk x2  
  155  21:11  Zergling x10  
  168  21:29  Hatchery, Ultralisk x2  
  168  21:30  Baneling x2  
  168  21:31  Baneling x4  
  168  21:32  Baneling x2  
  179  21:33  Baneling  
  179  21:44  Overseer x2  
  179  21:48  Drone x3  
  179  21:49  Spine Crawler, Spore Crawler  
  180  21:58  Zergling x28  
  185  22:20  Baneling x11  
  182  22:29  Ultralisk x2  
  190  22:34  Overlord x2  
  190  22:35  Zergling x20  
  192  22:50  Zergling x16  
  186  22:52  Overseer x2  
  186  22:53  Overlord  
  169  23:14  Hatchery  
  169  23:16  Viper  
  169  23:17  Hatchery  
  162  23:21  Zergling x40, Extractor  
  162  23:22  Extractor  
  162  23:23  Extractor  
  162  23:24  Extractor  
  178  23:30  Drone x4  
  178  23:31  Drone x4  
  177  23:42  Ultralisk  
  177  23:43  Ultralisk x2  
  195  23:50  Overseer  
  195  24:01  Drone  
  195  24:02  Drone x4  
  200  24:09  Hatchery  
  193  24:20  Overlord  
  188  24:28  Overlord  
  179  24:32  Zergling x18  
  179  24:33  Zergling x20  
  179  24:35  Overlord x2  
  191  25:01  Baneling x16  
  191  25:02  Zergling x2  
  191  25:03  Zergling x14  
  199  25:09  Extractor x2  
  190  25:38  Ultralisk x2  
  171  25:45  Zergling x20  
  171  25:46  Zergling x42  
  199  25:53  Overseer x2  
  199  26:01  Zergling x12  
  178  26:28  Zergling x16  
  178  26:29  Zergling x16  
  178  26:31  Hatchery x2  
  171  26:41  Zergling x16  
Show
View Real Time Build Order
Export as new Build Order

uwuThermal Terran 

Build Orders: Hellion Opening 

Get SALT Encoding   

  12  0:00  SCV  
  13  0:12  SCV  
  14  0:16  Supply Depot  
  14  0:24  SCV  
  14  0:27  Refinery  
  15  0:38  SCV  
  16  0:43  Barracks  
  16  0:50  SCV  
  17  1:02  SCV  
  18  1:14  SCV  
  19  1:31  Barracks Reactor, Orbital Command  
  19  1:41  Command Center  
  19  1:55  Factory  
  19  1:57  SCV  
  20  2:05  Supply Depot  
  20  2:09  SCV  
  20  2:11  Marine  
  20  2:13  Marine  
  23  2:26  SCV  
  23  2:29  Marine  
  25  2:31  Marine  
  26  2:38  SCV  
  27  2:50  Starport  
  27  2:51  SCV  
  27  2:55  Orbital Command  
  27  2:58  Hellion  
  29  2:59  Hellion  
  29  3:01  Marine  
  29  3:03  SCV  
  33  3:15  SCV  
  33  3:19  Supply Depot, Hellion  
  36  3:20  Hellion  
  36  3:21  Marine  
  36  3:24  SCV  
  40  3:28  SCV  
  40  3:30  Medivac  
  43  3:36  SCV  
  43  3:39  Marine  
  43  3:40  SCV  
  46  3:43  Hellion  
  46  3:44  Hellion  
  46  3:48  SCV  
  51  3:51  Supply Depot  
  51  3:52  SCV  
  52  3:57  Marine  
  52  4:00  SCV  
  54  4:12  Supply Depot  
  54  4:13  SCV x2  
  54  4:15  Command Center  
  56  4:17  Barracks Tech Lab  
  56  4:19  Refinery  
  56  4:20  Refinery  
  56  4:25  SCV  
  56  4:28  Starport Reactor  
  56  4:29  SCV  
  58  4:35  Factory Tech Lab  
  58  4:37  SCV  
  59  4:39  Barracks  
  59  4:40  Barracks  
  59  4:41  SCV  
  59  4:42  Marine  
  61  4:49  SCV  
  61  4:50  Stimpack  
  62  4:54  SCV  
  62  4:57  Siege Tank  
  66  5:01  SCV  
  66  5:06  SCV  
  67  5:07  Engineering Bay  
  67  5:08  Engineering Bay, Marine  
  67  5:13  SCV  
  69  5:16  Starport Reactor  
  69  5:17  Barracks  
  69  5:18  SCV, Barracks  
  70  5:27  SCV, Refinery, Marine  
  72  5:30  SCV  
  72  5:33  Marine  
  74  5:35  Terran Infantry Weapons Level 1, Terran Infantry Armor Level 1  
  74  5:37  Marine  
  74  5:40  SCV  
  74  5:42  SCV  
  77  5:45  Marine x3  
  80  5:51  Supply Depot, Marine  
  80  5:52  SCV  
  80  5:54  SCV  
  80  5:55  Marine  
  84  6:01  Orbital Command  
  84  6:02  Marine  
  84  6:06  SCV, Supply Depot  
  84  6:07  Barracks Reactor x2  
  85  6:12  Marine  
  85  6:13  Siege Tank  
  85  6:15  Supply Depot, Medivac  
  85  6:17  Medivac  
  93  6:28  SCV x2, Marine x4  
  93  6:30  Supply Depot, Marine  
  100  6:34  Armory  
  100  6:36  SCV  
  101  6:40  Combat Shield  
  101  6:44  SCV  
  101  6:45  Marine x2  
  101  6:46  Refinery, Marine x2  
  106  6:47  Marine  
  106  6:48  Supply Depot  
  106  6:49  Supply Depot  
  106  6:51  SCV x2  
  109  6:55  Marine, Siege Tank  
  109  6:56  SCV, Marine  
  115  7:02  Supply Depot, Marine  
  115  7:03  SCV  
  117  7:09  SCV, Supply Depot, Marine x2  
  117  7:10  Medivac x2  
  117  7:12  SCV  
  117  7:15  Marine x2  
  126  7:18  Marine x3  
  130  7:23  Marine  
  130  7:25  Marine  
  130  7:27  Marine  
  130  7:29  SCV  
  122  7:31  Marine  
  122  7:34  Supply Depot, Factory Reactor  
  122  7:35  Supply Depot  
  122  7:36  Factory  
  123  7:39  SCV x2, Terran Infantry Armor Level 2  
  125  7:48  Command Center  
  125  7:49  Terran Infantry Weapons Level 2  
  125  7:53  Marine x2  
  125  7:55  Missile Turret  
  127  7:59  Missile Turret  
  127  8:01  Terran Vehicle And Ship Armor Level 1, Marine x2  
  127  8:03  Marine  
  127  8:05  Marine  
  131  8:11  Medivac x2  
  132  8:13  SCV, Marine  
  132  8:15  Widow Mine  
  134  8:21  Supply Depot  
  134  8:22  Supply Depot  
  134  8:23  Widow Mine x2  
  138  8:27  Drilling Claws  
  138  8:30  Marine x2  
  140  8:34  Supply Depot  
  140  8:43  Supply Depot, Widow Mine  
  140  8:46  Command Center  
  140  8:47  Bunker  
  142  8:49  Marine x2  
  142  8:51  Widow Mine  
  146  8:57  Marine x2, Widow Mine  
  146  8:59  Marine x2  
  152  9:04  Marine x2  
  152  9:07  Medivac x2  
  158  9:13  Sensor Tower  
  158  9:15  Marine x2  
  160  9:18  Widow Mine x2  
  160  9:19  Marine x2  
  160  9:24  SCV, Marine  
  167  9:30  SCV  
  169  9:31  SCV  
  169  9:32  Planetary Fortress  
  169  9:35  Marine  
  171  9:42  Widow Mine x2, Marine x2  
  171  9:45  Barracks  
  177  9:46  Barracks  
  177  9:47  Widow Mine, Barracks  
  177  9:52  Marine x3  
  182  9:53  SCV x2  
  182  9:59  Terran Infantry Armor Level 3  
  184  10:01  SCV, Marine  
  186  10:13  Terran Infantry Weapons Level 3  
  186  10:14  Marine  
  186  10:15  Marauder  
  188  10:22  Marine x2  
  190  10:30  Widow Mine x2  
  190  10:31  Command Center, Widow Mine  
  190  10:32  Barracks Tech Lab x2  
  190  10:34  Barracks Tech Lab  
  193  10:36  Marauder  
  186  10:43  Marine  
  182  10:52  Marauder x2  
  186  10:58  Concussive Shells  
  186  11:01  Supply Depot  
  186  11:02  Supply Depot  
  186  11:03  Supply Depot  
  186  11:04  Supply Depot  
  178  11:19  SCV  
  178  11:22  Medivac  
  178  11:23  Marauder x2, Widow Mine  
  178  11:24  Medivac  
  178  11:25  Marauder x2  
  167  11:36  Marine  
  167  11:39  Marine  
  155  11:44  Marauder x2  
  155  11:46  Marauder x2, Widow Mine  
  163  11:52  Medivac, Command Center  
  150  11:54  Medivac  
  150  11:56  Command Center  
  150  12:00  Widow Mine x2  
  156  12:06  Marauder x2  
  156  12:07  Marauder, Widow Mine  
  156  12:08  SCV  
  159  12:17  Supply Depot, Marauder  
  159  12:18  Supply Depot x2  
  159  12:20  Supply Depot, Marine  
  159  12:21  Widow Mine  
  164  12:29  Marauder, Marine x2  
  168  12:35  Planetary Fortress  
  168  12:36  Marine x2  
  172  12:37  Marauder  
  172  12:38  Marauder  
  172  12:40  SCV  
  172  12:42  SCV  
  172  12:55  Marauder x2  
  172  12:56  Liberator x2  
  180  13:01  Widow Mine  
  180  13:05  Marine x2  
  185  13:06  Marauder x2  
  185  13:09  Widow Mine  
  185  13:11  Orbital Command  
  188  13:14  Marine  
  188  13:16  Marine  
  188  13:17  Marauder  
  188  13:19  Widow Mine  
  194  13:22  Marine x2, Widow Mine  
  194  13:26  Marine  
  199  13:32  Marauder, Marine  
  199  13:33  Marine  
  200  13:34  Marauder  
  200  13:40  Supply Depot, Marine  
  200  13:41  Supply Depot, Marauder  
  196  13:46  Medivac x2  
  196  13:48  SCV  
  197  13:50  Marauder  
  197  13:51  SCV  
  199  14:11  SCV  
  199  14:12  Supply Depot, Command Center  
  200  14:33  Sensor Tower  
  197  14:40  Marine  
  197  14:41  Marauder  
  197  14:44  Marine  
  197  14:45  Marauder  
  187  14:48  Marine  
  187  14:49  Marauder  
  187  14:52  Liberator x2  
  186  14:53  Marauder, Marine x2  
  186  14:54  Marine x2  
  182  15:02  Marauder  
  182  15:03  Widow Mine x2, Marine  
  182  15:06  Marauder  
  186  15:15  Marauder, Marine x2  
  186  15:19  Planetary Fortress  
  188  15:22  SCV  
  188  15:26  Orbital Command  
  188  15:28  Marine  
  187  15:35  Medivac  
  187  15:41  Supply Depot  
  188  15:45  SCV x5, Supply Depot  
  188  15:46  Supply Depot  
  188  15:49  Marine x2  
  195  15:53  Marauder, Marine  
  199  15:57  SCV x2  
  196  16:12  Marauder, Marine  
  192  16:25  Marine  
  188  16:26  Marauder  
  188  16:27  Command Center x2, Widow Mine  
  188  16:28  Marine, Widow Mine  
  188  16:30  Medivac  
  188  16:31  Marine  
  190  16:44  Widow Mine  
  192  16:48  Widow Mine  
  192  16:53  Widow Mine  
  196  16:58  Medivac, Hi-Sec Auto Tracking, Neosteel Armor  
  196  17:00  Medivac  
  199  17:03  Marine  
  200  17:14  Supply Depot  
  200  17:15  Supply Depot  
  198  17:49  Marine  
  198  17:50  Marauder  
  187  18:01  Medivac  
  187  18:02  Marauder x2, Marine x2  
  187  18:03  Marauder  
  187  18:05  Planetary Fortress  
  195  18:06  Missile Turret  
  195  18:07  Widow Mine x2  
  199  18:19  Medivac  
  197  18:20  SCV x2, Marauder  
  199  18:32  SCV  
  199  18:33  Command Center  
  200  18:34  Command Center  
  198  18:43  Marine  
  199  18:55  Marine  
  200  18:56  Orbital Command  
  200  19:02  Command Center  
  200  19:11  Command Center  
  185  19:18  Liberator x2  
  185  19:19  Widow Mine x2  
  185  19:22  Widow Mine  
  185  19:23  SCV  
  193  19:29  Marine  
  193  19:30  Marauder  
  196  19:33  Marauder, Marine  
  197  19:45  Orbital Command  
  197  19:49  Widow Mine  
  199  20:08  Missile Turret  
  182  20:22  Medivac  
  182  20:27  Medivac  
  153  20:30  Marine  
  153  20:31  Marine x7  
  153  20:32  Widow Mine x2  
  153  20:33  Marauder, Marine x2  
  156  20:38  Marine  
  153  20:48  Marine  
  153  20:51  Orbital Command, Marauder x2  
  153  20:52  Medivac  
  153  20:53  Marine  
  127  20:57  Medivac, Marine  
  127  20:58  Marine x5  
  127  21:01  Marauder x2  
  129  21:11  Widow Mine x2  
  129  21:12  SCV, Marauder  
  129  21:13  Marauder  
  129  21:15  SCV  
  138  21:22  Medivac, Marauder  
  138  21:25  SCV x2  
  143  21:26  SCV  
  143  21:27  SCV  
  143  21:30  Medivac  
  147  21:34  Marine  
  147  21:35  Marauder  
  150  21:40  Marauder  
  150  21:45  Marauder, Marine  
  155  21:52  Medivac  
  157  21:58  Widow Mine  
  157  22:00  Medivac  
  159  22:09  Marine  
  159  22:10  Marauder x3, Marine  
  167  22:18  Marine x2  
  167  22:22  Marine x3, Widow Mine  
  172  22:28  Marine  
  172  22:29  Marauder, Marine x2  
  169  22:34  Command Center  
  169  22:35  Refinery  
  169  22:36  Command Center  
  153  22:47  Marine x2  
  153  22:48  Marauder  
  153  22:49  Marine  
  146  22:58  Marine  
  146  22:59  Marauder  
  146  23:00  SCV  
  146  23:02  Refinery  
  149  23:08  Marine  
  149  23:09  Marauder  
  151  23:20  Supply Depot  
  151  23:21  Supply Depot  
  147  23:35  Supply Depot  
  147  23:36  Supply Depot  
  143  23:42  Marauder x2, Marine x4  
  143  23:43  Widow Mine  
  143  23:44  Marine  
  143  23:45  Marine  
  143  23:47  Widow Mine  
  154  23:53  SCV  
  153  23:57  Medivac  
  153  23:59  Marine x3  
  153  24:00  Marauder  
  153  24:02  Marine  
  161  24:07  Medivac  
  163  24:14  Marine  
  163  24:15  Marauder  
  158  24:23  Marine  
  160  24:24  Marauder  
  157  24:33  Planetary Fortress  
  157  24:37  SCV  
  156  24:39  Widow Mine  
  156  24:41  Widow Mine  
  156  24:43  SCV, Missile Turret x2  
  161  24:48  SCV  
  161  24:50  Marauder  
  164  24:53  Widow Mine  
  164  24:56  Medivac  
  168  25:00  Refinery  
  168  25:02  Refinery  
  168  25:05  SCV  
  169  25:07  Widow Mine x2  
  169  25:09  Marauder  
  169  25:11  Refinery  
  169  25:12  Marauder, Marine  
  178  25:16  SCV x3  
  178  25:18  SCV, Marine x2  
  184  25:25  SCV  
  185  25:33  SCV  
  185  25:34  Marine  
  185  25:35  Marauder  
  154  25:46  Marine, Widow Mine  
  154  25:47  Marauder  
  154  25:49  Marauder x2  
  137  25:50  Widow Mine, Marine  
  137  25:51  Marine  
  137  25:54  Marine x2  
  137  25:55  SCV  
  137  25:56  Marauder  
  145  25:59  Supply Depot x2  
  143  26:11  Marine  
  138  26:12  SCV  
  138  26:16  Widow Mine  
  138  26:17  Marauder  
  138  26:18  Marine  
  138  26:19  Marine  
  138  26:20  Marauder  
  138  26:21  Marauder x2, Marine, Widow Mine  
  133  26:35  Marine x2  
  133  26:37  Widow Mine  
  131  26:42  Marine x2  
Tags
 
Add a new tag
Caveats
  • Supply blocks, unpowered buildings, or Contaminate may cause inaccurate times.
  • Supply counts are checked every 10 seconds.